 Dungeon Crawl Stone Soup version 0.18-a0-116-g2d311b1 (webtiles) character file.

82 QuinteeJr the Stinger (level 4, 0/24 HPs)
             Began as a Tengu Venom Mage on Nov 16, 2015.
             Succumbed to an adder's poison
             ... on level 3 of the Dungeon.
             The game lasted 00:20:52 (2216 turns).

QuinteeJr the Stinger (Tengu Venom Mage)            Turns: 2216, Time: 00:20:52

Health: 0/24       AC:  5    Str:  8    XL:     4   Next: 43%
Magic:  3/8        EV: 16    Int: 17    God:
Gold:   102        SH:  0    Dex: 19    Spells: 2 memorised, 3 levels left

rFire  . . .     SeeInvis .     e - +0 dagger (flame)
rCold  . . .     Clarity  .     q - +0 ring mail
rNeg   . . .     SustAt   .     (no shield)
rPois  +         Gourm    .     (helmet restricted)
rElec  .         Spirit   .     (no cloak)
rCorr  .         Warding  .     (no gloves)
rMut   .         Stasis   .     (boots unavailable)
MR     .....                    (no amulet)
Stlth  +++.......               (no ring)
                                f - ring of poison resistance

@: agile, lethally poisoned (0 -> -5), very slightly contaminated, not resistant
to hostile enchantments, fairly stealthy
A: beak, talons 3
a: no special abilities


You were on level 3 of the Dungeon.
You were not hungry.

You visited 1 branch of the dungeon, and saw 3 of its levels.

You collected 102 gold pieces.

Inventory:

Hand Weapons
 e - a +0 dagger of flaming (weapon)
 t - a +1 spear of flaming
Armour
 a - a +0 robe
 q - a +0 ring mail (worn)
Jewellery
 f - a ring of poison resistance (left hand)
Wands
 n - a wand of slowing (37)
Scrolls
 c - a scroll of fear {unknown}
 g - a scroll of amnesia {unknown}
 h - a scroll of fog {unknown}
 i - a scroll of immolation {unknown}
 j - a scroll of recharging {unknown}
 l - a scroll of teleportation {unknown}
 m - a scroll of random uselessness {unknown}
 r - a scroll of identify {unknown}
Potions
 d - a potion of cancellation {unknown}
 p - 2 potions of resistance {unknown}
 s - a potion of degeneration {unknown}
Books
 b - a Young Poisoner's Handbook

   Spells                             Type                      Level
   a - Sting                          Conjuration/Poison           1
   b - Cure Poison                    Poison                       2
   c - Mephitic Cloud                 Conjuration/Poison/Air       3
   d - Olgreb's Toxic Radiance        Poison                       4
   e - Venom Bolt                     Conjuration/Poison           5
Comestibles
 o - a meat ration


   Skills:
 - Level 2.5 Dodging
 - Level 2.1 Stealth
 - Level 2.2 Spellcasting
 + Level 3.6 Conjurations
 - Level 4.4 Poison Magic


You had 3 spell levels left.
You knew the following spells:

 Your Spells              Type           Power        Failure   Level  Hunger
a - Sting                 Conj/Pois      ###.         12%         1    #......
b - Mephitic Cloud        Conj/Pois/Air  ##......     67%         3    ###....


Dungeon Overview and Level Annotations

Branches:
Dungeon (3/15)

Altars:

Annotations:
D:3 QuinteeJr's ghost, weakling HEWz


Innate Abilities, Weirdness & Mutations

You have a beak for a mouth.
You have claws for feet.


Message History

You feel agile all of a sudden.
* * * LOW HITPOINT WARNING * * *
You feel sick. The bat misses you. The bat completely misses you.
The bat closely misses you. The bat misses you. The adder barely misses you.
There is a stone staircase leading up here.
* * * LOW HITPOINT WARNING * * *
You feel sick. The bat misses you. The bat hits you.
* * * LOW HITPOINT WARNING * * *
The bat barely misses you.
You hit the bat but do no damage. You claw the bat, but do no damage.
Your peck misses the bat.
* * * LOW HITPOINT WARNING * * *
You feel sick. The bat barely misses you. The adder bites you.
* * * LOW HITPOINT WARNING * * *
The adder barely misses you. The bat closely misses you.
You hit the adder. You burn the adder. You claw the adder.
The adder is severely wounded.
You die...

. #. #. #.# ..##
#....# ..#
#....# #b#
#...!# #@##
#....## #S.#
....#. ##.#
...Kr #W## #.o#
#or# ##..# ##K#
#####...# #.#
###..)..#.#
#.###..r#####..#
#....o### #..


You could see QuinteeJr's ghost, an adder, an orc, a bat, a kobold and a rat.

Vanquished Creatures
  2 adders (D:2)
  An ooze (D:1)
  A worm (D:2)
  3 giant geckos
  3 giant cockroaches
  11 goblins
  8 hobgoblins
  2 jackals (D:2)
  6 kobolds
  2 quokkas (D:2)
  2 bats
  2 giant newts (D:2)
  6 rats
49 creatures vanquished.

Notes
Turn   | Place    | Note
--------------------------------------------------------------
     0 | D:1      | QuinteeJr the Tengu Venom Mage began the quest for the Orb.
     0 | D:1      | Reached XP level 1. HP: 10/10 MP: 4/4
     0 | D:1      | Noticed a minotaur zombie
     0 | D:1      | Noticed an octopode zombie
     1 | D:1      | Noticed a spriggan zombie
     3 | D:1      | Noticed a troll zombie
     8 | D:1      | Noticed a troll zombie
    13 | D:1      | Noticed a troll zombie
    14 | D:1      | Noticed a human zombie
    17 | D:1      | Noticed an octopode zombie
    24 | D:1      | Noticed a vine stalker zombie
    26 | D:1      | Noticed a spriggan zombie
    30 | D:1      | Noticed an octopode zombie
   253 | D:1      | Reached XP level 2. HP: 10/15 MP: 1/6
   826 | D:1      | Reached XP level 3. HP: 19/19 MP: 3/7
   831 | D:1      | Learned a level 3 spell: Mephitic Cloud
  1013 | D:1      | Reached skill level 1 in Conjurations
  1920 | D:2      | Reached XP level 4. HP: 17/24 MP: 0/8
  2180 | D:3      | Noticed QuinteeJr's ghost (weakling HEWz)
  2214 | D:3      | HP: 1/24 [adder (3)]
  2216 | D:3      | Succumbed to an adder's poison

Vault maps used:
D:1:      shiori_arrival_whats_in_store_for_you, wad_floor_pattern_2,
          minmay_misc_feat_four_crosses, corexii_item_surrounded_by_moat
D:2:      minmay_misc_feat_rows
D:3:      first_bread, portal_sewer_entry_d, nicolae_qazlal_general_emergency,
          uniq_sigmund

Action                   |  1- 3 |  4- 6 || total
-------------------------+-------+-------++-------
Melee: Dagger            |    58 |    30 ||    88
 Cast: Sting             |    70 |     6 ||    76
       Mephitic Cloud    |     3 |     1 ||     4
  Use: Potion            |       |     1 ||     1
  Eat: Bread ration      |     1 |     1 ||     2
